 Dungeon Crawl Stone Soup version 0.24.0 (webtiles) character file.

Game seed: 2808341338563448437, levelgen mode: deterministic

337 Fistmachine the Sneak (level 6, -1/24 HPs)
             Began as a Felid Venom Mage on Oct 24, 2019.
             Was an Initiate of Dithmenos.
             Slain by a centaur (8 damage)
             ... on level 6 of the Dungeon on Oct 25, 2019.
             The game lasted 00:35:38 (8644 turns).

Fistmachine the Sneak (Felid Venom Mage)            Turns: 8644, Time: 00:35:38

Health: -1/24      AC:  2    Str:  6    XL:     6   Next: 28%
Magic:  11/11      EV: 20    Int: 18    God:    Dithmenos [......]
Gold:   243        SH:  0    Dex: 17    Spells: 7/12 levels left
                                        Lives:  0   Deaths: 2

rFire    . . .     SeeInvis +   (weapon unavailable)
rCold    . . .     Gourm    .   (shield unavailable)
rNeg     . . .     Faith    .   (armour unavailable)
rPois    .         Spirit   .   (helmet unavailable)
rElec    .         Reflect  .   (cloak unavailable)
rCorr    .         Harm     .   (gloves unavailable)
MR       .....                  (boots unavailable)
Stlth    ++++......             (no amulet)
HPRegen  0.08/turn              (no ring)
MPRegen  0.12/turn              (no ring)

@: quick
A: very small, no armour, no weapons or thrown items, stealth, claws 1, fangs 3,
see invisible, carnivore, speed 1, low mp 1, shaggy fur 2, slow metabolism 1,
strong 1, sharp paws
a: Renounce Religion


You were on level 6 of the Dungeon.
You worshipped Dithmenos.
Dithmenos was noncommittal.
You were not hungry.

You visited 2 branches of the dungeon, and saw 7 of its levels.

You collected 243 gold pieces.

Inventory:

Scrolls
 a - a scroll of random uselessness {unknown}
 c - 4 scrolls of remove curse
 d - a scroll of magic mapping
 e - 3 scrolls of teleportation
 g - a scroll of identify
Potions
 f - a potion of agility {unknown}
 h - a potion of curing
 i - a potion of cancellation
Comestibles
 b - 9 rations


   Skills:
 + Level 5.2 Dodging
 + Level 5.5 Stealth
 + Level 3.7 Spellcasting
 - Level 0.8 Conjurations
 * Level 3.4 Air Magic
 * Level 5.1 Poison Magic


You had 7 spell levels left.
You knew the following spells:

 Your Spells              Type           Power        Failure   Level  Hunger
b - Poisonous Vapours     Pois/Air       ###...       4%          2    ##.....
c - Mephitic Cloud        Conj/Pois/Air  ##......     12%         3    ###....

Your spell library contained the following spells:

 Spells                   Type           Power        Failure   Level  Hunger
 Sting                    Conj/Pois      ##..         4%          1    None
 Olgreb's Toxic Radiance  Pois           ###.....     19%         4    ####...
 Venom Bolt               Conj/Pois      ##........   77%         5    ######.


Dungeon Overview and Level Annotations

Branches:
Dungeon (6/15)             Temple (1/1) D:4

Altars:
Cheibriados
Dithmenos
Makhleb
Okawaru
Ru
Wu Jian
Yredelemnul

Shops:
D:6 **[

Annotations:
D:2 3 exclusions
D:5 1 exclusion
D:6 exclusion: troll


Innate Abilities, Weirdness & Mutations

You cannot wear armour.
You are incapable of wielding weapons or throwing items.
Your paws allow you to move quietly. (Stealth)
You have sharp claws.
You have razor-sharp teeth.
You have supernaturally acute eyesight. (SInv)
You are carnivorous and can eat meat at any time.
You cover ground quickly.
You are covered in thick fur. (AC +2)
You have a slow metabolism.
Your sharp claws are effective at attacking unaware monsters.
Your magical capacity is low. (-10% MP)
Your muscles are strong. (Str +2)


Message History

Unknown command.
Unknown command.
Unknown command.
Unknown command.
Unknown command.
You closely miss the centaur.
The centaur is lightly wounded.
The centaur barely misses you.
You completely miss the centaur.
The centaur is lightly wounded.
The centaur misses you. The centaur completely misses you.
You scratch the centaur.
The centaur is moderately wounded.
The centaur hits you.
* * * LOW HITPOINT WARNING * * *
Unknown command.
You scratch the centaur.
The centaur is moderately wounded.
The centaur barely misses you. The centaur hits you!
You die...

...........##........
..###.##.#.##......##.
..# #.##.#.##..........
#.###.##.#..........#.##
........................
..........<....#.#..#.##
#.###...................
#.# #.#..####..#.#......
#.# #...........@c..#.
#.###.#..##......#..#
#...........$.......#
#.###............#..#
#.###.#####.#.........
......z.........##..#..
#.###.#####.#...# ... .
#.###.#####.#.#.# .#.
#.#.........#.#.#


You could see a centaur.

Vanquished Creatures
  2 orc warriors (D:6)
  An ogre (D:5)
  A bullfrog (D:6)
  A scorpion (D:5)
  2 hounds
  A jelly (D:5)
  An orc priest (D:4)
  2 orc wizards
  5 worker ants
  7 adders
  A howler monkey skeleton (D:4)
  An ooze (D:3)
  2 worms
  2 dart slugs
  4 leopard geckos
  7 orcs
  6 bats
  2 giant cockroaches
  9 goblins
  6 hobgoblins
  9 jackals
  9 quokkas
  5 frilled lizards
  A jackal skeleton (D:4)
  10 kobolds
  A leopard gecko skeleton (D:4)
  5 rats
103 creatures vanquished.

Notes
Turn   | Place    | Note
-------+----------+-------------------------------------------
     0 | D:1      | Fistmachine the Felid Venom Mage began the quest for the
                  | Orb.
     0 | D:1      | Reached XP level 1. HP: 7/7 MP: 4/4
   190 | D:1      | You fall into a shaft and drop 1 floor!
   222 | D:2      | Reached XP level 2. HP: 11/11 MP: 1/6
   226 | D:2      | Learned a level 2 spell: Poisonous Vapours
   672 | D:1      | You fall into a shaft and drop 1 floor!
  1077 | D:2      | Reached XP level 3. HP: 14/14 MP: 3/7
  2284 | D:2      | Reached XP level 4. HP: 18/18 MP: 1/8
  4042 | D:4      | Reached XP level 5. HP: 21/21 MP: 8/10
  4089 | D:4      | Found a staircase to the Ecumenical Temple.
  4098 | Temple   | Entered the Ecumenical Temple
  4177 | Temple   | Became a worshipper of Dithmenos the Shadowed
  4467 | D:4      | Reached skill level 1 in Air Magic
  5817 | D:5      | Entered Level 5 of the Dungeon
  5832 | D:4      | Gained mutation: You are covered in thick fur. (AC +2)
                  | [Felid growth]
  5832 | D:4      | Reached XP level 6. HP: 13/24 MP: 0/11
  5987 | D:5      | Learned a level 3 spell: Mephitic Cloud
  7001 | D:5      | Noticed an ice beast
  7081 | D:5      | Gained mutation: Your magical capacity is low. (-10% MP)
                  | [potion of mutation]
  7081 | D:5      | Gained mutation: Your muscles are strong. (Str +2) [potion
                  | of mutation]
  7133 | D:5      | Slain by a phantom
  7134 | D:5      | Reached XP level 5. HP: -5/21 MP: 9/9
  7380 | D:6      | Noticed a troll
  7391 | D:6      | Noticed an orc warrior
  7414 | D:6      | Killed an orc warrior
  7414 | D:6      | Reached XP level 6. HP: 24/24 MP: 0/10
  7491 | D:5      | Reached skill level 5 in Stealth
  7907 | D:6      | Found a sacrificial altar of Ru.
  7954 | D:6      | Noticed an orc warrior
  7984 | D:6      | Killed an orc warrior
  7984 | D:6      | Reached skill level 5 in Dodging
  7984 | D:6      | Reached XP level 7. HP: 27/27 MP: 8/12
  7988 | D:6      | Reached skill level 5 in Poison Magic
  8184 | D:6      | Found Ikeorphuxt's General Store.
  8198 | D:6      | Found Torhum's General Store.
  8214 | D:6      | Found Rath's Antique Armour Emporium.
  8271 | D:6      | Found a snail-covered altar of Cheibriados.
  8282 | D:6      | Found an ornate altar of the Wu Jian Council.
  8629 | D:6      | Shot with an arrow by a centaur
  8630 | D:6      | Reached XP level 6. HP: -8/24 MP: 1/11
  8630 | D:6      | Upgraded the game from 0.24-b1-44-g37ad8b309f to 0.24.0
  8644 | D:6      | Slain by a centaur

Levels and vault maps discovered:
D:1:      lightli_arrival_chessboard, layout_loops_ring
D:2:      minmay_door_path, layout_loops_corners
D:3:      layout_rooms, minmay_misc_feat_x
D:4:      layout_loops_cross, minmay_temple_entry_crystal_x
D:5:      layout_cave_pods, first_ration, basic_altar
D:6:      layout_basic, marbit_many_paths, minitemple, serial_shops, shop, shop,
          kennysheep_mini_moat, minmay_misc_feat_four_crosses
Temple:   minmay_temple_forest_path
